 Dungeon Crawl Stone Soup version 0.32-a0-799-g95e1662365 (webtiles) character file.

Game seed: 8456185530210355384

123 ezpacito the Chopper (level 5, -4/41 HPs)
             Began as a Coglin Chaos Knight on Mar 21, 2024.
             Was a Plaything of Xom.
             Slain by an iguana (8 damage)
             ... on level 3 of the Dungeon.
             The game lasted 00:01:47 (1524 turns).

ezpacito the Chopper (Coglin Chaos Knight)          Turns: 1524, Time: 00:01:48

Health: -4/41      AC:  5    Str: 15    XL:     5   Next: 7%
Magic:  4/6        EV: 11    Int: 11    God:    Xom [....*.]
Gold:   112        SH:  0    Dex: 13    Spells: 5/5 levels left

rFire   . . .        a - +0 hand axe (chaos) {Jasleen}
rCold   . . .        h - +2 spear (flame) {Bozena}
rNeg    . . .        b - +2 leather armour
rPois   .            (no helmet)
rElec   .            (no cloak)
rCorr   .            (no gloves)
SInv    .            (no boots)
Will    .....        (amulet unavailable)
Stlth   +            (ring unavailable)
HPRegen 0.26/turn    (ring unavailable)
MPRegen 0.10/turn    (no gizmo)

%: no passive effects
@: revved
A: off-hand wielding, slow wielding, warmup strikes, no jewellery
a: Invent Gizmo, Renounce Religion


You were on level 3 of the Dungeon.
You worshipped Xom.
You were a beloved toy of Xom.
You visited 1 branch of the dungeon, and saw 3 of its levels.

You collected 112 gold pieces.

Inventory:

Hand Weapons
 a - a +0 hand axe of chaos (weapon) {Jasleen}
 h - a +2 spear of flaming (offhand) {Bozena}
Missiles
 i - 7 boomerangs (quivered)
Armour
 b - a +2 leather armour (worn)
Talismans
 e - a blade talisman
Scrolls
 d - a scroll of blinking {unknown}
 f - 3 scrolls of identify {unknown}
 g - a scroll of acquirement {unknown}
 j - a scroll of immolation {unknown}


   Skills:
 * Level 3.4 Fighting
 * Level 3.5(3.6) Axes
 + Level 1.1(2.3) Polearms
 * Level 2.4 Armour
 * Level 2.2 Dodging
 + Level 0.9 Stealth
 + Level 0.6 Spellcasting


You had 5 spell levels left.
You didn't know any spells.
Your spell library was empty.

Dungeon Overview and Level Annotations

Branches:
Dungeon (3/15)

Altars:


Innate Abilities, Weirdness & Mutations

You can wield a second weapon in your off-hand.
It takes a long time for you to wield or remove held weapons.
Your first few attacks do less damage.
You cannot equip rings or amulets.


Message History

Your butterfly dies!
Your butterfly disappears in a burst of colours!
The iguana bites you!
* * * LOW HITPOINT WARNING * * *
You take 11 damage, and have 1/35 hp.
MASSIVE DAMAGE!!
The iguana completely misses your butterfly.
Things that are here:
a +0 whip; 3 stones You miss the adder with your +0 hand axe of chaos.
The adder is lightly wounded.
You completely miss the adder with your +2 spear of flaming.
Your butterfly disappears in a burst of colours!
The adder closely misses you.
You aren't carrying any potions.
Okay, then.
You miss the adder with your +0 hand axe of chaos.
The adder is lightly wounded.
You hit the adder with your +2 spear of flaming.
You burn the adder. The adder closely misses you.
You closely miss the adder with your +0 hand axe of chaos.
The adder is moderately wounded.
You barely miss the adder with your +2 spear of flaming.
Your butterfly disappears in a burst of colours!
The adder closely misses you.
You hit the adder with your +2 spear of flaming.
You burn the adder.
The adder is heavily wounded.
You closely miss the adder with your +0 hand axe of chaos.
The adder closely misses you. The adder misses you.
You hit the adder with your +2 spear of flaming.
You burn the adder.
The adder is severely wounded.
You hit the adder with your +0 hand axe of chaos.
You burn the adder.
You kill the adder!
You have reached level 5!
Okay, then.
You swap places.
The iguana attacks as it pursues you! The iguana bites you!
You die...
Xom snickers!

..........#..)†...b...
...........##....##...
.........#.##.#...#
............b##'##.....
.........#.#.#b..# ....
........##.###b.)# #..
......#.....###)###
)†...####..##..)l.##
#..#########..bb@$.#
#......# #......$#
#..###... #....?.(#
.....# . ##.....##
.....# ####### .....#
.....# .....# .....#


You could see an iguana (ally target).

Vanquished Creatures
  6 adders
  2 dart slugs
  3 ribbon worms
  7 bats
  2 endoplasms
  A giant cockroach (D:2)
  5 goblins
  2 hobgoblins
  7 jackals
  3 quokkas
  6 ball pythons
  4 frilled lizards
  9 kobolds
  4 rats
61 creatures vanquished.

Notes
Turn   | Place    | Note
-------+----------+-------------------------------------------
     0 | D:1      | ezpacito the Coglin Chaos Knight began the quest for the
                  | Orb.
     0 | D:1      | Reached XP level 1. HP: 18/18 MP: 1/1
    11 | D:1      | Reached skill level 1 in Dodging
    14 | D:1      | XOM: potion effect (brilliance)
   134 | D:1      | Reached XP level 2. HP: 24/24 MP: 2/2
   382 | D:1      | XOM: divination: magic mapping
   475 | D:1      | Reached XP level 3. HP: 29/29 MP: 3/3
   528 | D:1      | XOM: stat loss: -1 Int (10/11)
   876 | D:2      | XOM: 4-stop teleportation journey
  1074 | D:2      | XOM: potion effect (brilliance)
  1080 | D:2      | Reached XP level 4. HP: 30/35 MP: 4/4
  1085 | D:2      | XOM: 6-stop teleportation journey
  1140 | D:2      | XOM: silly message
  1485 | D:3      | Reached skill level 1 in Polearms
  1517 | D:3      | HP: 1/35 [iguana (11)]
  1524 | D:3      | Reached XP level 5. HP: 3/41 MP: 4/6
  1524 | D:3      | Slain by an iguana

Illustrated notes

Levels and vault maps discovered:
D:1:      minmay_arrival_diagonal_passages, layout_loops_ring,
          minmay_misc_feat_more_columns
D:2:      layout_basic
D:3:      layout_rooms, grunt_ministairs_5, minmay_goblin_kobold_house

Skill      XL: |  1  2  3  4 |
---------------+-------------+-----
Dodging        | 1 2 |  2.2
Armour         | 2 |  2.4
Polearms       | 1 |  1.1
Fighting       | |  3.4
Axes           | |  3.5
Stealth        | |  0.9
Spellcasting   | |  0.6

Action                     |  1- 3 |  4- 6 || total
---------------------------+-------+-------++-------
  Melee: Hand axe          |    69 |    38 ||   107
         Dagger            |    41 |       ||    41
         Spear             |    28 |    47 ||    75
    Use: Scroll            |       |     1 ||     1
 Armour: Leather armour    |    66 |    20 ||    86
  Dodge: Dodged            |    40 |    25 ||    65

Table legend: (Time is in decaauts)
 A = Elapsed time spent in this place.
 B = Non-inter-level travel time spent in this place.
 C = Inter-level travel time spent in this place.
 D = Time resting spent in this place.
 E = Time spent auto-exploring this place.
 F = Levels seen in this place.
 G = Mean time per level.
                   A        B        C        D        E       F      G
               +--------+--------+--------+--------+--------+-----+--------+
         Total |   1532 |   1461 |     71 |      0 |   1133 |   3 |  510.7 |
       Dungeon |   1532 |   1461 |     71 |      0 |   1133 |   3 |  510.7 |
               +--------+--------+--------+--------+--------+-----+--------+

Top non-repeatable levels by time:
     D:1: 844 daAuts
     D:2: 588 daAuts
     D:3: 100 daAuts
